 Dungeon Crawl Stone Soup version 0.31-a0-188-g5e087ee2ca (webtiles) character file.

Game seed: 6094631666588964217

67 qw the Shooter (level 4, 0/25 HPs)
             Began as a Deep Elf Hunter on June 23, 2023.
             Slain by a goblin
             ... wielding a +0 dagger
             ... led by Robin
              (5 damage)
             ... on level 2 of the Dungeon.
             The game lasted 00:00:27 (1094 turns).

qw the Shooter (Deep Elf Hunter)                    Turns: 1094, Time: 00:00:28

Health: 0/25       AC:  4    Str: 10    XL:     4   Next: 0%
Magic:  6/6        EV: 12    Int: 14    God:
Gold:   109        SH:  0    Dex: 18    Spells: 3/3 levels left

rFire   . . .        Y - +0 shortbow
rCold   . . .        (shield currently unavailable)
rNeg    . . .        c - +0 leather armour
rPois   .            (no helmet)
rElec   .            e - +0 cloak
rCorr   .            (no gloves)
SInv    +            (no boots)
Will    .....        (no amulet)
Stlth   ++           d - ring of see invisible
HPRegen 0.24/turn    (no ring)
MPRegen 0.10/turn

%: no passive effects
@: no status effects
A: no striking features
a: no special abilities


You were on level 2 of the Dungeon.
You visited 1 branch of the dungeon, and saw 2 of its levels.

You collected 109 gold pieces.


   Skills:
 - Level 1.5 Fighting
 + Level 7.4 Ranged Weapons
 - Level 2.4 Dodging
 - Level 1.2 Stealth


You had 3 spell levels left.
You didn't know any spells.
Your spell library was empty.

Inventory:

Hand Weapons
 Y - a +0 shortbow (weapon)
Armour
 c - a +0 leather armour (worn)
 e - a +0 cloak (worn)
Jewellery
 d - a ring of see invisible (left hand)
 f - a ring of positive energy
 m - a ring of fire
Scrolls
 a - a scroll of identify
 i - 4 scrolls of revelation {unknown}
Potions
 b - 2 potions of cancellation {unknown}
 g - a potion of curing {unknown}
 h - a potion of ambrosia {unknown}
 j - a potion of heal wounds {unknown}
 k - a potion of degeneration {unknown}
 l - 2 potions of lignification {unknown}

Dungeon Overview and Level Annotations

Branches:
Dungeon (2/15)

Altars:

Shops:
D:1 =

Annotations:
D:2 Robin


Message History

You shoot an arrow. The goblin shouts!
The arrow hits the adder!
You kill the adder!
A goblin comes into view. It is wielding a +0 club.
You shoot an arrow. The arrow barely misses the goblin.
Robin of the Strong Arm comes into view.
They are wielding a +0 club.
You shoot an arrow. The arrow closely misses the goblin.
Robin throws the goblin at you!
A goblin comes into view.
It is wielding a +2 dagger of protection.
You shoot an arrow. The arrow barely misses the goblin.
The arrow hits the goblin.
You kill the goblin!
The goblin hits you but does no damage. The goblin hits you with a +0 dagger.
You shoot an arrow. The arrow misses the goblin.
The arrow hits the goblin but does no damage.
A goblin comes into view. It is wielding a +0 club.
The goblin hits you but does no damage. The goblin hits you with a +0 dagger.
You shoot an arrow. The goblin shouts!
The arrow hits the goblin.
The goblin is severely wounded.
Robin throws the goblin at you! The goblin hits you but does no damage.
The goblin misses you. The goblin closely misses you.
You shoot an arrow. The arrow barely misses the goblin.
The arrow hits the goblin.
You kill the goblin!
Robin roars a battlecry!
The goblins go into a battle-frenzy!
The goblin barely misses you.
The goblin hits you but does no damage. x2
You shoot an arrow. The arrow hits the goblin.
You kill the goblin!
A hobgoblin comes into view.
The goblin hits you with a +0 club. The goblin hits you with a +0 dagger.
You have reached level 4!
You feel clever.
You shoot an arrow. The arrow hits the goblin!
You kill the goblin!
Robin roars a battlecry!
The goblin hits you with a +0 club. The goblin hits you with a +0 dagger.
You die...

.#...#...#...#...#.#
...#...#...#...#...#
.#...#...#...#...#.#
..#...#...#...#..##
#...#...#...#...##
.#...#...#..##.#
..#...#...###.# ..#
.## #g# .# # #@#
#.ggg# #....ggg.
#......g..
#..........
#......g...#
#......g...#
#..........#


You could see Robin, 4 hobgoblins and 5 goblins.

Vanquished Creatures
  3 adders (D:2)
  A worm (D:2)
  2 ball pythons
  4 endoplasms
  A giant cockroach (D:1)
  7 goblins
  2 hobgoblins
  6 jackals
  4 kobolds
  2 quokkas (D:1)
  A rat (D:2)
33 creatures vanquished.

Notes
Turn   | Place    | Note
-------+----------+-------------------------------------------
     0 | D:1      | qw the Deep Elf Hunter began the quest for the Orb.
     0 | D:1      | Reached XP level 1. HP: 12/12 MP: 3/3
     0 | D:1      | 0 ||| qw: Version: 0.3-a-9-g12657ce
     0 | D:1      | 0 ||| qw: Game counter: 3278
     0 | D:1      | 0 ||| qw: Always use a shield: true
     0 | D:1      | 0 ||| qw: God list: Okawaru
     0 | D:1      | 0 ||| qw: Allow faded altars: false
     0 | D:1      | 0 ||| qw: Do Orc after D:15 true
     0 | D:1      | 0 ||| qw: Do second Lair branch before Depths: true
     0 | D:1      | 0 ||| qw: Lair rune preference: random
     0 | D:1      | 0 ||| qw: Plans: Normal
     0 | D:1      | 0 ||| PLANNING D:1-11
   132 | D:1      | Found Kepsustru's Jewellery Boutique.
   138 | D:1      | 138 ||| Stepping ~*~*~tactically~*~*~ (water).
   142 | D:1      | 142 ||| SHOPLISTING +5 ring of evasion (504 gold, have 9).
   142 | D:1      | 142 ||| SHOPLISTING amulet of faith (560 gold, have 9).
   142 | D:1      | 142 ||| SHOPLISTING amulet of regeneration (420 gold, have
                  | 9).
   142 | D:1      | 142 ||| SHOPLISTING ring of ice (350 gold, have 9).
   142 | D:1      | 142 ||| SHOPLISTING ring of positive energy (280 gold, have
                  | 9).
   144 | D:1      | 144 ||| Stepping ~*~*~tactically~*~*~ (water).
   146 | D:1      | Reached XP level 2. HP: 16/16 MP: 4/4
   148 | D:1      | Reached skill level 6 in Ranged Weapons
   536 | D:1      | Found a faded altar of an unknown god.
   740 | D:1      | 740 ||| UPGRADING to +0 cloak.
   745 | D:1      | 745 ||| UPGRADING to ring of see invisible.
   746 | D:1      | 746 ||| READING 2 scrolls labelled ROESCH OBAZA.
   747 | D:1      | 747 ||| READING scroll labelled IZAITTO SIOR.
   748 | D:1      | 748 ||| READING scroll labelled GAVOUDGH WUXKED.
   753 | D:1      | 753 ||| DROPPING scroll of butterflies.
   881 | D:2      | Reached XP level 3. HP: 16/20 MP: 5/5
   980 | D:2      | Reached skill level 7 in Ranged Weapons
  1087 | D:2      | Noticed Robin
  1093 | D:2      | HP: 5/20 [goblin/+0 dagger[Robin] (3)]
  1094 | D:2      | Reached XP level 4. HP: 7/25 MP: 6/6
  1094 | D:2      | Slain by a goblin

Levels and vault maps discovered:
D:1:      minmay_arrival_radiant_lines, layout_basic, serial_shops,
          nicolae_shop_waterfront,
          hellmonk_ecumenical_altar_pennies_from_heaven,
          dreamdust_mushroom_princess
D:2:      layout_rooms, basic_altar, hex_large, uniq_robin

Skill      XL: |  1  2  3 |
---------------+----------+-----
Ranged Weapons | 6 7 |  7.4
Fighting       | |  1.5
Dodging        | |  2.4
Stealth        | |  1.2

Action                     |  1- 3 |  4- 6 || total
---------------------------+-------+-------++-------
   Fire: Shortbow          |   102 |     1 ||   103
    Use: Scroll            |     3 |       ||     3
 Armour: Leather armour    |    13 |       ||    13
  Dodge: Dodged            |    38 |       ||    38

Table legend:
 A = Non-vault XP
 B = Vault XP
 C = Vault XP percentage of total XP
 D = Non-vault monster count
 E = Vault monster count
 F = Vault count percentage of total count
                 A         B        C        D         E       F
            +---------+---------+-------+---------+---------+-------
      Total |      93 |       6 |   6.1 |      30 |       3 |   9.1
            +---------+---------+-------+---------+---------+-------
        D:1 |      29 |       0 |   0.0 |      15 |       0 |   0.0
        D:2 |      64 |       6 |   8.6 |      15 |       3 |  16.7
            +---------+---------+-------+---------+---------+-------
